 Dungeon Crawl Stone Soup version 0.30.0-29-ga12c61a403 (webtiles) character file.

Game seed: 7637027124169061530

72183 LynnLen the Unseen (level 15, -2/63 HPs)
             Began as a Spriggan Enchanter on June 13, 2023.
             Was the Champion of Dithmenos.
             Killed from afar by an orc sorcerer (40 damage)
             ... with a bolt of fire
             ... led by an orc knight
             ... on level 15 of the Dungeon.
             The game lasted 01:49:01 (29376 turns).

LynnLen the Unseen (Spriggan Enchanter)            Turns: 29376, Time: 01:49:02

Health: -2/63      AC: 15    Str:  4    XL:     15   Next: 0%
Magic:  47/52      EV: 13    Int: 27    God:    Dithmenos [******]
Gold:   710        SH:  7    Dex: 18    Spells: 9/42 levels left

rFire   . . .        H - +9 short sword (elec)
rCold   x . .        f - +2 buckler "Kakaapn" {Contam rElec Regen+ MP+9}
rNeg    . . .        W - +0 swamp dragon scales
rPois   +            D - +2 hat
rElec   +            Y - scarf {+Inv}
rCorr   .            (gloves unavailable)
SInv    +            (boots unavailable)
Will    ++...        v - amulet of regeneration Stlth *+++++++++
                     E - +4 ring of protection
HPRegen 1.90/turn    S - ring "Umasaud" {rC- MP+9 Int+5}
MPRegen 0.33/turn

%: no passive effects
@: confusing by touch, wreathed by umbra, studying Armour, very quick
A: very small, no large weapons, unfitting armour, see invisible, speed 3
a: Renounce Religion, Evoke Invisibility, Shadow Step, Shadow Form


You were on level 15 of the Dungeon.
You worshipped Dithmenos.
Dithmenos was exalted by your worship.
You visited 3 branches of the dungeon, and saw 21 of its levels.

You collected 1414 gold pieces.
You spent 704 gold pieces at shops.

Inventory:

Hand Weapons
 H - a +9 short sword of electrocution (weapon)
Missiles
 b - 6 atropa-tipped darts
 o - 26 poisoned darts (quivered)
 s - 8 curare-tipped darts
Armour
 f - the +2 buckler "Kakaapn" (worn) {Contam rElec Regen+ MP+9}
   (You acquired it on level 11 of the Dungeon)

   rElec:     It insulates you from electricity.
   MP:        It affects your magic capacity (+9).
   Contam:    It causes magical contamination when unequipped.
   Regen:     It increases your rate of health regeneration.
 D - a +2 hat (worn)
 W - +0 swamp dragon scales (worn)
 X - a scarf of resistance
 Y - a scarf of invisibility (worn)
Jewellery
 u - a +6 ring of dexterity
 v - an amulet of regeneration (around neck)
 C - a ring of protection from fire
 E - a +4 ring of protection (left hand)
 O - a ring of wizardry
 S - the ring "Umasaud" (right hand) {rC- MP+9 Int+5}
   (You acquired it on level 11 of the Dungeon)

   [ring of magical power]

   Int:       It affects your intelligence (+5).
   rC:        It makes you vulnerable to cold.
   MP:        It affects your magic capacity (+9).
Wands
 p - a wand of iceblast (10)
 B - a wand of digging (6)
 J - a wand of charming (14)
 L - a wand of mindburst (6)
 R - a wand of flame (29)
Scrolls
 a - 2 scrolls of poison
 j - 3 scrolls of amnesia
 l - a scroll of fear
 n - 7 scrolls of teleportation
 t - 3 scrolls of magic mapping
 w - a scroll of vulnerability
 G - a scroll of butterflies
 I - 2 scrolls of fog
 M - a scroll of torment
 N - 2 scrolls of brand weapon
 Q - 2 scrolls of immolation
 V - a scroll of blinking
Potions
 d - 3 potions of haste
 e - 10 potions of curing
 h - a potion of mutation
 i - a potion of brilliance
 k - 5 potions of lignification
 m - 6 potions of attraction
 q - 4 potions of cancellation
 r - 3 potions of heal wounds
 x - 4 potions of ambrosia
 F - 4 potions of might
 K - 2 potions of magic
 P - 2 potions of flight
Miscellaneous
 c - a phial of floods


   Skills:
 - Level 1.1 Short Blades
 * Level 9.2 Armour
 - Level 2.6 Dodging
 + Level 18.0 Stealth
 * Level 2.4 Shields
 + Level 14.1 Spellcasting
 + Level 11.4 Hexes
 * Level 6.9 Summonings
 - Level 3.4 Ice Magic
 * Level 9.2 Air Magic
 * Level 8.0 Poison Magic
 - Level 10.0 Evocations


You had 9 spell levels left.
You knew the following spells:

 Your Spells              Type           Power      Damage    Failure   Level
a - Ensorcelled Hibernat  Hex/Ice        100%       N/A       1%          2
b - Confusing Touch       Hex            69%        N/A       1%          3
c - Tukima's Dance        Hex            69%        N/A       1%          3
d - Airstrike             Air            31%        2d(5-21)  4%          4
e - Summon Lightning Spi  Summ/Air       58%        N/A       9%          4
f - Poisonous Vapours     Pois/Air       100%       N/A       1%          2
g - Fulminant Prism       Conj/Hex       25%        3d14      22%         4
h - Olgreb's Toxic Radia  Pois           58%        N/A       9%          4
i - Storm Form            Tmut/Air       22%        N/A       100%        7

Your spell library contained the following spells:

 Spells                   Type           Power      Damage    Failure   Level
 Swiftness                Air            62%        N/A       1%          3
 Sting                    Tmut/Pois      100%       1d8       4%          1
 Static Discharge         Conj/Air       88%        2-6/arc   4%          2
 Dazzling Flash           Conj/Hex       100%       N/A       6%          3
 Inner Flame              Hex/Fire       50%        N/A       6%          3
 Mephitic Cloud           Conj/Pois/Air  50%        N/A       6%          3
 Silence                  Hex/Air        33%        N/A       9%          5
 Spider Form              Tmut/Pois      40%        N/A       13%         3
 Beastly Appendage        Tmut           38%        N/A       22%         1
 Magic Dart               Conj           76%        1d6       22%         1
 Hailstorm                Conj/Ice       28%        3d8       32%         3
 Blink                    Tloc           38%        N/A       34%         2
 Lesser Beckoning         Tloc           38%        N/A       34%         2
 Passwall                 Tmut/Erth      15%        N/A       34%         2
 Searing Ray              Conj           38%        2d5       34%         2
 Wereblood                Tmut           19%        N/A       34%         2
 Gell's Gravitas          Tloc           19%        N/A       56%         3
 Teleport Other           Tloc           19%        N/A       56%         3
 Ice Form                 Ice/Tmut       28%        N/A       73%         4
 Freezing Cloud           Conj/Ice/Air   21%        6-21      73%         5
 Flame Wave               Conj/Fire      19%        2d7       92%         4
 Manifold Assault         Tloc           19%        N/A       92%         4
 Sticky Flame             Conj/Fire      19%        2d4       92%         4
 Agony                    Necr           19%        N/A       99%         5
 Simulacrum               Ice/Necr       14%        N/A       100%        6
 Chain Lightning          Conj/Air       22%        3d29      100%        9
 Fire Storm               Conj/Fire      9%         8d3       100%        9
 Shatter                  Erth           9%         3d11*     100%        9


Dungeon Overview and Level Annotations

Branches:
Dungeon (15/15)            Temple (1/1) D:6            Lair (5/5) D:9
  Swamp (0/4) Lair:3       Spider (0/4) Lair:3        Slime (0/5) Lair:5
    Orc (0/2) D:11         Vaults (0/5) D:14
 Depths: D:15

Altars:
Ashenzari
Cheibriados
Dithmenos
Elyvilon
Fedhas
Gozag
Hepliaklqana
Kikubaaqudgha
Makhleb
Nemelex Xobeh
Okawaru
Qazlal
Ru
Sif Muna
Trog
Uskayaw
Vehumet
Wu Jian
Xom
Yredelemnul
Zin
The Shining One
Jiyva

Shops:
D:8 *

Annotations:
D:3 2 transporters, nroviw's ghost, amateur DsFi
D:12 exclusion: vampire mosquito


Innate Abilities, Weirdness & Mutations

You are very small and have problems with some larger weapons.
You are too small for most types of armour.
You have supernaturally acute eyesight. (SInv)
You cover ground extremely quickly. (Speed+++)


Message History

The orc knight is severely wounded.
Your shadow hits the orc knight but does no damage.
The orc warrior closely misses you. The orc knight hits you!
You strike the helpless orc knight from behind!
You puncture the orc knight!
You kill the orc knight!
Dithmenos accepts your kill.
You have reached level 15!
Your experience leads to an increase in your attributes!
Your base attributes are Str 4, Int 21, Dex 16.
Increase (S)trength, (I)ntelligence, or (D)exterity?
You feel agile. x2; You feel clever.
Casting: Confusing Touch (safe; 1% risk of failure)
Confirm with . or Enter, or press ? or * to list all spells.
Your hands begin to glow red.
Things that are here:
a +0 chain mail; a scroll of noise You hit the orc sorcerer but do no damage.
The orc sorcerer is heavily wounded.
The orc warrior hits you but does no damage.
The orc sorcerer completely misses you.
You barely miss the orc sorcerer.
The orc sorcerer is heavily wounded.
Your shadow barely misses the orc sorcerer.
You block the orc sorcerer's attack.
The orc warrior hits you but does no damage.
You hit the orc sorcerer but do no damage.
The orc sorcerer is heavily wounded.
Your shadow hits the orc sorcerer with a short sword.
The orc warrior misses you. You block the orc sorcerer's attack.
You closely miss the orc sorcerer.
The orc sorcerer is heavily wounded.
The orc warrior misses you.
The orc sorcerer points at you and mumbles some strange words.
The bolt of fire hits you!!
You emit a cloud of dark smoke.
The orc warrior hits you but does no damage.
The orc sorcerer casts a spell at you. The bolt of fire hits you!!!
Ouch! That really hurt!
You die...

#)##)##.##......<.# #.#
#.................# #.#
####.##).#........# #.#
#.##..#.######## #.#
#....[..# #.# ####...####
#.# #.......# #.#
#.......######## #.#
#......oo@§....####.######
#......§######............
#.........# #######.#####
####.####.## #.# ### #.o.#
####.##### #...#
#......... #.o.#
#.#######. #...######.#
#.4.##.....#


You could see an orc sorcerer and an orc warrior.

Vanquished Creatures
  Jorgrun (D:14)
  Kirke (Lair:3)
  Josephine (D:10)
  3 vault guards (D:14)
  4 hydras
  An ogre mage (D:14)
  3 centaur warriors
  A boulder beetle (Lair:5)
  2 two-headed ogres
  The ghost of middlethird the Carver, a journeyman VSAE of Cheibriados (D:10)
  12 death yaks
  A skeletal warrior (D:15)
  A skyshark (Lair:5)
  A deep elf pyromancer (D:14)
  2 orc knights
  5 ugly things
  4 cyclopes
  6 black mambas
  11 elephants
  14 cane toads
  A torpor snail (Lair:5)
  A gargoyle (D:14)
  A rime drake (Lair:4)
  3 unseen horrors
  A kobold demonologist (D:11)
  3 tengu conjurers
  A freezing wraith (D:14)
  9 komodo dragons
  2 trolls
  10 polar bears
  Grinder (D:4)
  19 blink frogs
  8 hornets
  2 culicivoras (Lair:3)
  5 wraiths
  Sigmund (D:6)
  2 jumping spiders (Lair:3)
  2 basilisks (D:9)
  12 spriggans
  A shadow (D:12)
  3 wyverns
  A yak (shapeshifter) (D:11)
  31 yaks
  5 hogs (Lair:3)
  A vampire (D:12)
  2 steam dragons (D:7)
  A human (D:14)
  3 redbacks (Lair:3)
  15 vampire mosquitoes
  2 acid dragons
  8 water moccasins
  A swamp drake (D:11)
  4 orc warriors
  An ice beast (D:7)
  An ogre (D:11)
  3 black bears
  A sky beast (D:7)
  27 wolves
  4 boggarts (Lair:5)
  7 centaurs
  3 kobold brigands
  7 bullfrogs
  Blork the orc (D:6)
  6 scorpions
  12 killer bees
  An electric eel (Lair:1)
  7 hounds
  Crazy Yiuf (D:7)
  3 jellies
  7 orc priests
  A gnoll bouda (D:6)
  Jessica (D:3)
  Ijyb (D:3)
  An iguana (D:5)
  8 orc wizards
  5 gnolls
  An adder (D:4)
  2 river rats (Lair:3)
  A shadow imp (D:5)
  An ufetubus (D:4)
  2 worms (D:3)
  3 dart slugs
  32 orcs
  7 bats
  16 endoplasms
  3 giant cockroaches
  7 goblins
  6 hobgoblins
  9 jackals
  25 kobolds
  A quokka (D:3)
  2 ball pythons
  A frilled lizard (D:1)
  4 rats
  A spectral orc (D:11)
470 creatures vanquished.

Vanquished Creatures (collateral kills)
  Nessos (D:14)
  A vault guard (D:14)
  A two-headed ogre (D:9)
  Erica (D:11)
  A tengu warrior (D:14)
  An elephant (Lair:3)
  A tengu conjurer (D:14)
  A hornet (Lair:5)
  A human (D:14)
  2 orc warriors
  2 centaurs
  A kobold brigand (D:7)
  2 orc wizards
  3 orcs
  2 kobolds (D:7)
21 creatures vanquished.

Vanquished Creatures (others)
  A deep elf pyromancer (D:14)
  16 dancing weapons
  2 kobolds (D:7)
  4 fulminant prisms
23 creatures vanquished.

Grand Total: 514 creatures vanquished

Notes
Turn   | Place    | Note
-------+----------+-------------------------------------------
     0 | D:1      | LynnLen the Spriggan Enchanter began the quest for the Orb.
     0 | D:1      | Reached XP level 1. HP: 9/9 MP: 5/5
   486 | D:1      | Reached XP level 2. HP: 13/13 MP: 6/6
   489 | D:1      | Learned a level 2 spell: Ensorcelled Hibernation
   703 | D:1      | Reached skill level 5 in Stealth
  1608 | D:2      | Found a faded altar of an unknown god.
  1997 | D:2      | Reached XP level 3. HP: 11/16 MP: 4/8
  2193 | D:2      | Reached skill level 6 in Stealth
  2252 | D:2      | Reached XP level 4. HP: 21/21 MP: 8/10
  2447 | D:2      | Learned a level 3 spell: Confusing Touch
  2451 | D:2      | Learned a level 3 spell: Tukima's Dance
  2575 | D:3      | Found a transporter.
  2575 | D:3      | Noticed nroviw's ghost (amateur DsFi)
  2589 | D:3      | Found a transporter.
  2642 | D:3      | Reached skill level 7 in Stealth
  2913 | D:3      | Found a sparkling altar of Nemelex Xobeh.
  2964 | D:3      | Reached XP level 5. HP: 24/24 MP: 11/11
  3470 | D:3      | Noticed Jessica
  3676 | D:3      | Killed Jessica
  3681 | D:3      | Noticed Ijyb
  3789 | D:3      | Killed Ijyb
  3832 | D:3      | Learned a level 4 spell: Airstrike
  3903 | D:4      | Reached skill level 5 in Hexes
  4021 | D:4      | Found a burning altar of Makhleb.
  4025 | D:4      | Reached XP level 6. HP: 28/28 MP: 13/13
  4154 | D:4      | Found an ancient bone altar of Kikubaaqudgha.
  4250 | D:4      | Noticed Grinder
  4268 | D:4      | Reached skill level 8 in Stealth
  4268 | D:4      | Reached skill level 1 in Evocations
  4277 | D:4      | Killed Grinder
  4278 | D:4      | Reached skill level 1 in Air Magic
  4278 | D:4      | Reached XP level 7. HP: 32/32 MP: 13/15
  4503 | D:4      | Reached skill level 9 in Stealth
  4802 | D:4      | Reached skill level 1 in Ice Magic
  5147 | D:4      | Reached skill level 5 in Spellcasting
  5595 | D:5      | Entered Level 5 of the Dungeon
  5776 | D:5      | Found a shimmering blue altar of Sif Muna.
  6010 | D:5      | Reached XP level 8. HP: 33/36 MP: 10/17
  6342 | D:5      | Reached skill level 10 in Stealth
  6523 | D:5      | Reached skill level 11 in Stealth
  6966 | D:6      | Reached skill level 5 in Evocations
  6980 | D:6      | Noticed Blork the orc
  6987 | D:6      | Killed Blork the orc
  6988 | D:6      | Reached XP level 9. HP: 39/39 MP: 19/19
  7030 | D:6      | Found a staircase to the Ecumenical Temple.
  7085 | D:6      | Learned a level 4 spell: Summon Lightning Spire
  7106 | D:6      | Reached skill level 12 in Stealth
  7134 | Temple   | Entered the Ecumenical Temple
  7272 | Temple   | Became a worshipper of Dithmenos the Shadowed
  7437 | D:6      | Noticed Sigmund
  7450 | D:6      | Killed Sigmund
  8084 | D:7      | Found a runed translucent door.
  8085 | D:7      | Noticed Crazy Yiuf
  8225 | D:7      | Killed Crazy Yiuf
  8608 | D:7      | Reached skill level 13 in Stealth
  9173 | D:7      | Reached * piety under Dithmenos
  9502 | D:7      | Found a basalt altar of Yredelemnul.
  9599 | D:8      | Reached XP level 10. HP: 44/44 MP: 22/22
  9736 | D:8      | Found a radiant altar of Vehumet.
  9845 | D:8      | Found an iron altar of Okawaru.
  9857 | D:8      | Reached skill level 1 in Armour
  9893 | D:8      | Identified the +0 scale mail of Dogma {Regen+}
  9973 | D:8      | Found Zocyec's Neck Hole.
 10895 | D:9      | Found a staircase to the Lair.
 11164 | D:9      | Reached skill level 5 in Air Magic
 11227 | D:9      | Reached skill level 1 in Summonings
 11358 | D:9      | Reached ** piety under Dithmenos
 11359 | D:9      | Reached skill level 14 in Stealth
 11640 | D:9      | Noticed a two-headed ogre
 11681 | D:9      | Killed a two-headed ogre
 11793 | D:9      | Noticed a two-headed ogre
 11820 | D:9      | Killed a two-headed ogre
 11911 | D:9      | Found a glowing silver altar of Zin.
 12014 | D:9      | Learned a level 2 spell: Poisonous Vapours
 12019 | D:9      | Learned a level 4 spell: Fulminant Prism
 12024 | D:9      | Learned a level 4 spell: Olgreb's Toxic Radiance
 12091 | Lair:1   | Entered Level 1 of the Lair of Beasts
 12094 | Lair:1   | Noticed a black mamba
 12102 | Lair:1   | Killed a black mamba
 12130 | Lair:1   | Reached XP level 11. HP: 47/47 MP: 19/24
 12464 | D:9      | Reached skill level 1 in Poison Magic
 14063 | Lair:2   | Reached skill level 15 in Stealth
 14840 | Lair:3   | Found a hole to the Spider Nest.
 14849 | Lair:3   | Reached skill level 10 in Spellcasting
 14985 | Lair:3   | Found a staircase to the Swamp.
 15052 | Lair:2   | Reached *** piety under Dithmenos
 15155 | Lair:2   | Reached skill level 5 in Armour
 15155 | Lair:2   | Reached XP level 12. HP: 51/51 MP: 14/27
 16069 | Lair:3   | Reached skill level 16 in Stealth
 16518 | Lair:3   | Reached skill level 10 in Hexes
 16518 | Lair:3   | Reached skill level 10 in Evocations
 16963 | Lair:3   | Noticed Kirke
 17394 | Lair:3   | Killed Kirke
 17662 | Lair:4   | Noticed a five-headed hydra
 17670 | Lair:4   | Killed a five-headed hydra
 17670 | Lair:4   | Reached **** piety under Dithmenos
 17894 | Lair:4   | Noticed a death yak
 17894 | Lair:4   | Noticed a death yak
 17897 | Lair:4   | Noticed a death yak
 17899 | Lair:4   | Noticed a death yak
 17900 | Lair:4   | Noticed a death yak
 17900 | Lair:4   | Noticed a death yak
 17902 | Lair:4   | Killed a death yak
 17930 | Lair:4   | Killed a death yak
 17931 | Lair:4   | Killed a death yak
 17932 | Lair:4   | Reached XP level 13. HP: 34/55 MP: 8/29
 17940 | Lair:4   | Reached skill level 5 in Poison Magic
 18942 | Lair:5   | Entered Level 5 of the Lair of Beasts
 18999 | Lair:5   | Reached skill level 5 in Summonings
 19007 | Lair:5   | Learned a level 7 spell: Storm Form
 21181 | Lair:5   | Found a viscous altar of Jiyva.
 21181 | Lair:5   | Found a staircase to the Slime Pits.
 21360 | Lair:5   | Reached skill level 17 in Stealth
 21434 | Lair:5   | Reached ***** piety under Dithmenos
 21825 | Lair:5   | Reached XP level 14. HP: 59/59 MP: 19/32
 22986 | D:10     | Entered Level 10 of the Dungeon
 22993 | D:10     | Noticed Josephine
 23016 | D:10     | Killed Josephine
 23204 | D:10     | Found a large runed translucent door.
 23204 | D:10     | Found a large runed translucent door.
 23208 | D:10     | Noticed middlethird's ghost (journeyman VSAE)
 23630 | D:10     | Found a hide-covered altar of Uskayaw.
 24001 | D:10     | Killed middlethird's ghost
 24114 | D:8      | Bought a scarf of resistance for 512 gold pieces
 24114 | D:8      | Bought a scarf of invisibility for 192 gold pieces
 24174 | D:11     | Identified 2 scrolls of acquirement
 24174 | D:11     | Acquired the +2 buckler "Kakaapn" {Contam rElec Regen+
                  | MP+9}
 24334 | D:11     | Found a basalt altar of Yredelemnul.
 24805 | D:11     | Noticed Erica
 24950 | D:11     | Killed Erica
 25056 | D:11     | Found a staircase to the Orcish Mines.
 25206 | D:11     | Acquired the ring "Umasaud" {rC- MP+9 Int+5}
 25808 | D:12     | Reached skill level 1 in Shields
 27339 | D:14     | Noticed Nessos
 27361 | D:14     | Killed Nessos
 27686 | D:14     | Reached ****** piety under Dithmenos
 28207 | D:14     | Found a gate to the Vaults.
 28415 | D:15     | Entered Level 15 of the Dungeon
 28565 | D:14     | Reached skill level 18 in Stealth
 28701 | D:15     | Noticed Jorgrun
 28973 | D:14     | Killed Jorgrun
 29371 | D:15     | Reached XP level 15. HP: 56/63 MP: 34/34
 29376 | D:15     | Killed from afar by an orc sorcerer

Illustrated notes

Levels and vault maps discovered:
D:1:      sevenhm_arrival_forest_fort_large_4, layout_basic
D:2:      cheibrodos_fertilizer, layout_loops_corners, basic_ecumenical_altar,
          minmay_pentomino_pile
D:3:      layout_rooms, mainiacjoe_overflow_surrounded_room,
          gammafunk_ghost_arena, minmay_randomly_rotated_circles, uniq_jessica,
          uniq_ijyb
D:4:      layout_cave_pods, makhleb_heckhound_becter, kiku_gazebo_pond_becter,
          chequers_serial_rivers_large_b, kennysheep_generic_room_10,
          uniq_grinder
D:5:      layout_loops_ring, nicolae_overflow_crystal_walls, water_boxes_lemuel
D:6:      layout_loops_ring, minmay_temple_entry_purple_smoke,
          uniq_blork_the_orc, uniq_sigmund
D:7:      layout_loops_corners, lemuel_coloured_pillars_altar, serial_glass,
          glass_columns_b, glass_columns_a, minmay_strange_pillars,
          minmay_strange_pillars, uniq_crazy_yiuf_cottage
D:8:      layout_loops_ring, nicolae_vehumet_radiance, okawaru_trees_2,
          nicolae_shop_sticking_my_neck_out, uniq_grum
D:9:      layout_loops_ring, zin_academy, david_lair_generic
D:10:     layout_basic, lemuel_doored_altar, ebering_ghost_disaster_area,
          uniq_josephine
D:11:     layout_roguey, erik_orc_1, yredelemnul_forgotten_temple_becter,
          uniq_erica
D:12:     layout_irregular_city, kennysheep_generic_room_4
D:13:     layout_gridville
D:14:     layout_rooms, grunt_vaults_entry_fortified, kennysheep_nub,
          uniq_nessos
D:15:     gammafunk_depths_entry_grave, layout_loops_cross, dk_noncrumbling_4,
          uniq_jorgrun
Temple:   dshaligram_water_room_temple
Lair:1:   layout_regular_city, serial_bayou_shore_a, grunt_megastairs_1
Lair:2:   layout_roguey, serial_bayou_lagoon_a, grunt_megastairs_3
Lair:3:   layout_regular_city, swamp_mist, nicolae_spider_entry_tight_spaces,
          pond, uniq_kirke
Lair:4:   layout_regular_city
Lair:5:   minmay_lair_end_enchanted_forest, layout_cave_shapes,
          dpeg_slime_entry_enclosed, minivault_24, infiniplex_staircase_pool_2

Skill      XL: |  1  2  3  4  5  6  7  8  9 10 11 12 13 14 |
---------------+-------------------------------------------+-----
Hexes          | 4 5 6 7 8 9 10 11 | 11.4
Stealth        | 5 6 7 8 9 11 13 14 15 16 17 18 | 18.0
Spellcasting   | 3 4 5 6 7 8 10 11 13 14 | 14.1
Evocations     | 2 3 5 6 7 9 10 | 10.0
Air Magic      | 1 2 3 4 5 6 7 8 9 |  9.2
Ice Magic      | 1 2 3 |  3.4
Armour         | 3 5 6 8 9 |  9.2
Summonings     | 2 3 4 5 6 |  6.9
Poison Magic   | 3 4 6 8 |  8.0
Shields        | 2 |  2.4
Short Blades   | |  1.1
Dodging        | |  2.6

Action                     |  1- 3 |  4- 6 |  7- 9 | 10-12 | 13-15 || total
---------------------------+-------+-------+-------+-------+-------++-------
  Melee: Dagger            |   103 |   130 |   151 |       |       ||   384
         Punch             |     1 |     1 |     2 |     7 |     2 ||    13
         Short sword       |       |       |     8 |   250 |   568 ||   826
  Throw: Dart              |       |       |     6 |    21 |     9 ||    36
   Cast: Ensorcelled Hiber |    18 |    35 |    76 |   149 |   126 ||   404
         Tukima's Dance    |       |     3 |     9 |     7 |    45 ||    64
         Confusing Touch   |       |       |     5 |    12 |    39 ||    56
         Poisonous Vapours |       |       |       |    22 |    26 ||    48
         Summon Lightning  |       |       |       |     5 |    17 ||    22
         Fulminant Prism   |       |       |       |     1 |     3 ||     4
         Airstrike         |       |       |       |    15 |    16 ||    31
         Olgreb's Toxic Ra |       |       |       |    14 |    47 ||    61
  Evoke: Wand              |       |       |       |       |     3 ||     3
    Use: Scroll            |     5 |       |     8 |     9 |    15 ||    37
         Potion            |       |     2 |     2 |     2 |    10 ||    16
   Stab: Sleeping          |    19 |    29 |    56 |    90 |    79 ||   273
         Invisible         |       |     1 |     1 |       |     1 ||     3
         Confused          |       |       |     6 |     9 |    32 ||    47
         Distracted        |       |       |       |     2 |     1 ||     3
 Armour: Robe              |     7 |    11 |    14 |    53 |    65 ||   150
         Swamp dragon scal |       |       |       |       |   181 ||   181
  Dodge: Dodged            |    82 |   100 |   133 |   219 |   503 ||  1037
  Block: Buckler           |       |       |       |       |   146 ||   146
